TOP OF THE 1ST |
Culver City Extras batting - Pitching for Menlo Maniacs : RHP Brad Small
|
Pitching: RHP Brad Small
|
|
Batting: LHB Juan Hinojosa
|
0-0: Called Strike 0-1: Foul Ball, location: 2F 0-2: Ball 1-2: Strikes out swinging
|
Batting: RHB Mitchell Darragh
|
0-0: Foul Ball, location: 2F 0-1: Called Strike 0-2: Strikes out swinging
|
Batting: LHB Ernesto Meléndez
|
0-0: Ball 1-0: Ball 2-0: Called Strike 2-1: Fly out, F8 (Flyball, 78D)
|
Top of the 1st over - 0 runs, 0 hits, 0 errors, 0 left on base; Culver City 0 - Menlo 0 |
BOTTOM OF THE 1ST |
Menlo Maniacs batting - Pitching for Culver City Extras : RHP Doug Spencer
|
Pitching: RHP Doug Spencer
|
|
Batting: RHB Joe Smith
|
0-0: Called Strike 0-1: Ball 1-1: Foul Ball, location: 2F 1-2: Strikes out swinging
|
Batting: RHB Jimmy Skinner
|
0-0: Called Strike 0-1: Foul Ball, location: 2F 0-2: Foul Ball, location: 2F 0-2: Ball 1-2: Ball 2-2: Fly out, F6 (Line Drive, 56)
|
Batting: RHB David Adams
|
0-0: Foul Ball, location: 2F 0-1: Ball 1-1: SINGLE (Flyball, 9LS)
|
Batting: RHB Bob Fitzgerald
|
0-0: DOUBLE (Line Drive, 7LM) David Adams to third
|
Batting: RHB Eleuterio Supardo
|
0-0: Swinging Strike 0-1: Swinging Strike 0-2: Ball 1-2: Ball 2-2: Ball 3-2: Strikes out swinging
|
Bottom of the 1st over - 0 runs, 2 hits, 0 errors, 2 left on base; Culver City 0 - Menlo 0 |
TOP OF THE 2ND |
Culver City Extras batting - Pitching for Menlo Maniacs : RHP Brad Small
|
Batting: LHB Trey Fitzpatrick
|
0-0: Ball 1-0: Ball 2-0: Ball 3-0: Called Strike 3-1: Foul Ball, location: 2F 3-2: SINGLE (Groundball, 6) (infield hit)
|
Batting: LHB Ramiro Venegas
|
0-0: Ball 1-0: SINGLE (Groundball, 6MD) Trey Fitzpatrick to second
|
Batting: LHB Tony Smith
|
0-0: Ball 1-0: Called Strike 1-1: Called Strike 1-2: Fly out, F7 (Flyball, 78XD) Runner from 2nd tags up, SAFE at 3rd, no throw
|
Batting: RHB Dave Anderson
|
0-0: Foul Ball, location: 2F 0-1: Ball 1-1: Ground out 5-3 (Groundball, 56S) Trey Fitzpatrick scores Ramiro Venegas to second
|
Batting: RHB Marcos Liñares
|
0-0: Ball Wild Pitch! Ramiro Venegas to third 1-0: Ball 2-0: Ball 3-0: Base on Balls
|
Batting: RHB Jesús Herrera
|
0-0: Ball 1-0: Ball Marcos Liñares steals 2nd base 2-0: Ball 3-0: Called Strike 3-1: Called Strike 3-2: Strikes out swinging
|
Top of the 2nd over - 1 run, 2 hits, 0 errors, 2 left on base; Culver City 1 - Menlo 0 |
BOTTOM OF THE 2ND |
Menlo Maniacs batting - Pitching for Culver City Extras : RHP Doug Spencer
|
Batting: RHB Currito Campos
|
0-0: Ball 1-0: Ground out 4-3 (Groundball, 4M)
|
Batting: RHB Dani Torres
|
0-0: Called Strike 0-1: Ground out 4-3 (Groundball, 4M)
|
Batting: RHB Paul Hardy
|
0-0: Ground out 6-3 (Groundball, 6)
|
Bottom of the 2nd over - 0 runs, 0 hits, 0 errors, 0 left on base; Culver City 1 - Menlo 0 |
TOP OF THE 3RD |
Culver City Extras batting - Pitching for Menlo Maniacs : RHP Brad Small
|
Batting: LHB Juan Hinojosa
|
0-0: Ball 1-0: Ball 2-0: Called Strike 2-1: Ball 3-1: Base on Balls
|
Batting: RHB Mitchell Darragh
|
0-0: Foul Ball, location: 2F 0-1: Ball 1-1: Ball 2-1: SINGLE (Line Drive, 78M) Juan Hinojosa to second
|
Batting: LHB Ernesto Meléndez
|
0-0: Ball 1-0: Ground out 3-1 (Groundball, 3S) Juan Hinojosa to third Mitchell Darragh to second
|
Batting: LHB Trey Fitzpatrick
|
0-0: SINGLE (Line Drive, 7LS) Juan Hinojosa scores Mitchell Darragh to third Runner from 3rd tries for Home, SAFE, no throw
|
Batting: LHB Ramiro Venegas
|
0-0: Fly out, F5 (Popup, 5S)
|
Batting: LHB Tony Smith
|
0-0: Ball Trey Fitzpatrick is caught stealing 2nd base
|
Top of the 3rd over - 2 runs, 2 hits, 0 errors, 0 left on base; Culver City 3 - Menlo 0 |
BOTTOM OF THE 3RD |
Menlo Maniacs batting - Pitching for Culver City Extras : RHP Doug Spencer
|
Batting: LHB Tristan Walker
|
0-0: SINGLE (Line Drive, 6M)
|
Batting: RHB Joe Smith
|
0-0: Ball 1-0: Ground out U3 (Groundball, 3) Tristan Walker to second
|
Batting: RHB Jimmy Skinner
|
0-0: Ball 1-0: Ball 2-0: SINGLE (Groundball, 56) (infield hit) Tristan Walker to third
|
Batting: RHB David Adams
|
0-0: Ball 1-0: Called Strike Jimmy Skinner steals 2nd base 1-1: Ball 2-1: Ball 3-1: Base on Balls
|
Batting: RHB Bob Fitzgerald
|
0-0: Grounds into double play, 6-4-3 (Groundball, 6)
|
Bottom of the 3rd over - 0 runs, 2 hits, 0 errors, 2 left on base; Culver City 3 - Menlo 0 |
TOP OF THE 4TH |
Culver City Extras batting - Pitching for Menlo Maniacs : RHP Brad Small
|
Batting: LHB Tony Smith
|
0-0: Ball 1-0: Ball 2-0: Ball 3-0: Base on Balls
|
Batting: RHB Dave Anderson
|
0-0: Called Strike 0-1: Ball 1-1: Swinging Strike 1-2: Strikes out looking
|
Batting: RHB Marcos Liñares
|
0-0: Ball 1-0: Ball 2-0: Foul Ball, location: 2F 2-1: Fly out, F8 (Flyball, 8RD)
|
Batting: RHB Jesús Herrera
|
0-0: Called Strike 0-1: Ball 1-1: Called Strike 1-2: Strikes out swinging
|
Top of the 4th over - 0 runs, 0 hits, 0 errors, 1 left on base; Culver City 3 - Menlo 0 |
BOTTOM OF THE 4TH |
Menlo Maniacs batting - Pitching for Culver City Extras : RHP Doug Spencer
|
Batting: RHB Eleuterio Supardo
|
0-0: Called Strike 0-1: Ball 1-1: SINGLE (Line Drive, 6MD)
|
Batting: RHB Currito Campos
|
0-0: Ball Eleuterio Supardo steals 2nd base 1-0: Ball 2-0: Foul Ball, location: 2F 2-1: Ground out 3-1 (Groundball, 34) Eleuterio Supardo to third
|
Batting: RHB Dani Torres
|
0-0: Ball 1-0: Ball 2-0: Foul Ball, location: 2F 2-1: Foul Ball, location: 2F 2-2: Ball 3-2: Foul Ball, location: 2F 3-2: SINGLE (Line Drive, 6MD) Eleuterio Supardo scores
|
Batting: RHB Paul Hardy
|
0-0: Called Strike 0-1: Ball Wild Pitch! Dani Torres to second 1-1: Fly out, F7 (Flyball, 7LS)
|
Batting: LHB Tristan Walker
|
0-0: Ball 1-0: Ball 2-0: Ball Wild Pitch! Dani Torres to third 3-0: Base on Balls
|
Batting: RHB Joe Smith
|
0-0: Ball 1-0: Called Strike 1-1: SINGLE (Line Drive, 8RS) Dani Torres scores Tristan Walker to second
|
Batting: RHB Jimmy Skinner
|
0-0: Called Strike 0-1: DOUBLE (Flyball, 78XD) Tristan Walker scores Joe Smith to third Runner from 3rd tries for Home, SAFE, no throw
|
Batting: RHB David Adams
|
0-0: Ball 1-0: Called Strike 1-1: Foul Ball, location: 2F 1-2: Strikes out looking
|
Bottom of the 4th over - 4 runs, 4 hits, 0 errors, 1 left on base; Culver City 3 - Menlo 4 |
TOP OF THE 5TH |
Culver City Extras batting - Pitching for Menlo Maniacs : RHP Brad Small
|
Batting: LHB Juan Hinojosa
|
0-0: Swinging Strike 0-1: Bunted foul 0-2: Ground out 5-3 (Groundball, 56)
|
Batting: RHB Mitchell Darragh
|
0-0: Ball 1-0: Foul Ball, location: 2F 1-1: Foul Ball, location: 2F 1-2: Ball 2-2: Foul Ball, location: 2F 2-2: SINGLE (Groundball, 5S) (infield hit)
|
Batting: LHB Ernesto Meléndez
|
0-0: Ball Mitchell Darragh steals 2nd base 1-0: Foul Ball, location: 2F 1-1: Foul Ball, location: 2F 1-2: SINGLE (Line Drive, 78S) Mitchell Darragh to third
|
Batting: LHB Trey Fitzpatrick
|
0-0: Ball 1-0: Ground out 6-3 (Groundball, 6D) Mitchell Darragh scores Ernesto Meléndez to second
|
Pitching: RHP Jason Spencer
|
|
Batting: LHB Ramiro Venegas
|
0-0: Ground out 5-3 (Groundball, 5L)
|
Top of the 5th over - 1 run, 2 hits, 0 errors, 1 left on base; Culver City 4 - Menlo 4 |
BOTTOM OF THE 5TH |
Menlo Maniacs batting - Pitching for Culver City Extras : RHP Doug Spencer
|
Batting: RHB Bob Fitzgerald
|
0-0: Ball 1-0: Ball 2-0: Foul Ball, location: 2F 2-1: Ball 3-1: Fly out, F9 (Flyball, 9S)
|
Batting: RHB Eleuterio Supardo
|
0-0: Ball 1-0: Ball 2-0: Ground out 6-3 (Groundball, 6D)
|
Batting: RHB Currito Campos
|
0-0: Called Strike 0-1: Ball 1-1: Foul Ball, location: 2F 1-2: Foul Ball, location: 2F 1-2: Ball 2-2: Ground out 5-3 (Groundball, 56)
|
Bottom of the 5th over - 0 runs, 0 hits, 0 errors, 0 left on base; Culver City 4 - Menlo 4 |
TOP OF THE 6TH |
Culver City Extras batting - Pitching for Menlo Maniacs : RHP Jason Spencer
|
Batting: LHB Tony Smith
|
0-0: Called Strike 0-1: SINGLE (Groundball, 6D)
|
Batting: RHB Dave Anderson
|
0-0: Ball 1-0: Fly out, F3 (Popup, 34S)
|
Batting: RHB Marcos Liñares
|
0-0: Called Strike 0-1: Ball 1-1: Foul Ball, location: 2F 1-2: Ball 2-2: Foul Ball, location: 2F 2-2: Foul Ball, location: 2F 2-2: Foul Ball, location: 2F 2-2: Foul Ball, location: 2F 2-2: DOUBLE (Line Drive, 7LM) Tony Smith to third
|
Batting: RHB Jesús Herrera
|
0-0: Ball 1-0: Ball 2-0: Ball 3-0: Called Strike 3-1: SINGLE (Line Drive, 78M) Tony Smith scores Marcos Liñares to third Runner from 3rd tries for Home, SAFE, no throw
|
Pitching: LHP Pedro Castro
|
|
Batting: LHB Juan Hinojosa
|
0-0: Ball 1-0: Swinging Strike 1-1: Foul Ball, location: 2F 1-2: Fly out, F7 (Flyball, 7)
|
Batting: RHB Mitchell Darragh
|
0-0: Called Strike 0-1: Swinging Strike 0-2: Strikes out looking
|
Top of the 6th over - 2 runs, 3 hits, 0 errors, 1 left on base; Culver City 6 - Menlo 4 |
BOTTOM OF THE 6TH |
Menlo Maniacs batting - Pitching for Culver City Extras : RHP Doug Spencer
|
Batting: RHB Dani Torres
|
0-0: Ball 1-0: Ball 2-0: Ground out 6-3 (Groundball, 6M)
|
Batting: RHB Paul Hardy
|
0-0: Ball 1-0: Ball 2-0: Ball 3-0: Called Strike 3-1: Base on Balls
|
Batting: LHB Tristan Walker
|
0-0: Swinging Strike 0-1: Ball 1-1: Called Strike 1-2: Ball 2-2: Fly out, F9 (Flyball, 9S)
|
Batting: RHB Joe Smith
|
0-0: Ball 1-0: SINGLE (Line Drive, 4M) Paul Hardy to second
|
Batting: RHB Jimmy Skinner
|
0-0: Called Strike 0-1: Called Strike 0-2: Ball 1-2: Ball 2-2: Strikes out swinging
|
Bottom of the 6th over - 0 runs, 1 hit, 0 errors, 2 left on base; Culver City 6 - Menlo 4 |
TOP OF THE 7TH |
Culver City Extras batting - Pitching for Menlo Maniacs : LHP Pedro Castro
|
Batting: LHB Ernesto Meléndez
|
0-0: Ground out 5-3 (Groundball, 56)
|
Batting: LHB Trey Fitzpatrick
|
0-0: Called Strike 0-1: Ball 1-1: Ball 2-1: Foul Ball, location: 2F 2-2: SINGLE (Line Drive, 89M)
|
Batting: LHB Ramiro Venegas
|
0-0: Fly out, F8 (Flyball, 89D)
|
Batting: LHB Tony Smith
|
0-0: DOUBLE (Line Drive, 78XD) Trey Fitzpatrick to third
|
Batting: RHB Dave Anderson
|
0-0: Ball 1-0: Foul Ball, location: 2F 1-1: SINGLE (Groundball, 4D) Trey Fitzpatrick scores Tony Smith to third Runner from 3rd tries for Home, SAFE, no throw
|
Batting: RHB Marcos Liñares
|
0-0: Called Strike 0-1: Foul Ball, location: 2F 0-2: Foul Ball, location: 2F 0-2: Ball 1-2: Ball Dave Anderson steals 2nd base 2-2: Ground out 4-3 (Groundball, 4S)
|
Top of the 7th over - 2 runs, 3 hits, 0 errors, 1 left on base; Culver City 8 - Menlo 4 |
BOTTOM OF THE 7TH |
Menlo Maniacs batting - Pitching for Culver City Extras : RHP Doug Spencer
|
Batting: RHB David Adams
|
0-0: Called Strike 0-1: Ball 1-1: SINGLE (Groundball, 4MD)
|
Batting: RHB Bob Fitzgerald
|
0-0: Ball Wild Pitch! David Adams to second 1-0: Ball 2-0: Ball 3-0: Called Strike 3-1: Base on Balls
|
Pitching: RHP Mike Alexander
|
|
Batting: RHB Eleuterio Supardo
|
0-0: Grounds into double play, 5-4-3 (Groundball, 56) David Adams to third
|
Batting: RHB Currito Campos
|
0-0: Ball 1-0: Foul Ball, location: 2F 1-1: Fly out, F9 (Flyball, 9)
|
Bottom of the 7th over - 0 runs, 1 hit, 0 errors, 1 left on base; Culver City 8 - Menlo 4 |
TOP OF THE 8TH |
Culver City Extras batting - Pitching for Menlo Maniacs : LHP Pedro Castro
|
Batting: RHB Jesús Herrera
|
0-0: Called Strike 0-1: Ball 1-1: SOLO HOME RUN (Flyball, 7LD), Distance : 368 ft
|
Batting: LHB Juan Hinojosa
|
0-0: Ball 1-0: Ball 2-0: Called Strike 2-1: Ground out 5-3 (Groundball, 5S)
|
Batting: RHB Mitchell Darragh
|
0-0: Ground out 6-3 (Groundball, 6)
|
Batting: LHB Ernesto Meléndez
|
0-0: Ball 1-0: Ball 2-0: Ball 3-0: Called Strike 3-1: Foul Ball, location: 2F 3-2: DOUBLE (Line Drive, 9D)
|
Batting: LHB Trey Fitzpatrick
|
0-0: Called Strike 0-1: Ball 1-1: Fly out, F4 (Popup, 4D)
|
Top of the 8th over - 1 run, 2 hits, 0 errors, 1 left on base; Culver City 9 - Menlo 4 |
BOTTOM OF THE 8TH |
Menlo Maniacs batting - Pitching for Culver City Extras : RHP Mike Alexander
|
Batting: RHB Dani Torres
|
0-0: Swinging Strike 0-1: Swinging Strike 0-2: Ball 1-2: Ball 2-2: Strikes out swinging
|
Batting: RHB Paul Hardy
|
0-0: Swinging Strike 0-1: Fly out, F3 (Line Drive, 3)
|
Batting: LHB Tristan Walker
|
0-0: Foul Ball, location: 2F 0-1: Ball 1-1: Fly out, F5 (Popup, 25F)
|
Bottom of the 8th over - 0 runs, 0 hits, 0 errors, 0 left on base; Culver City 9 - Menlo 4 |
TOP OF THE 9TH |
Culver City Extras batting - Pitching for Menlo Maniacs : LHP Pedro Castro
|
Batting: LHB Ramiro Venegas
|
0-0: Swinging Strike 0-1: Called Strike 0-2: Strikes out swinging
|
Batting: LHB Tony Smith
|
0-0: Ball 1-0: Foul Ball, location: 2F 1-1: Fly out, F7 (Flyball, 7LDF)
|
Batting: RHB Dave Anderson
|
0-0: Called Strike 0-1: DOUBLE (Line Drive, 8LXD)
|
Batting: RHB Marcos Liñares
|
0-0: Ball 1-0: Ground out 6-3 (Groundball, 6M)
|
Top of the 9th over - 0 runs, 1 hit, 0 errors, 1 left on base; Culver City 9 - Menlo 4 |
BOTTOM OF THE 9TH |
Menlo Maniacs batting - Pitching for Culver City Extras : RHP Mike Alexander
|
Batting: RHB Joe Smith
|
0-0: Foul Ball, location: 2F 0-1: Ball 1-1: Swinging Strike 1-2: Strikes out swinging
|
Batting: RHB Jimmy Skinner
|
0-0: SINGLE (Line Drive, 78S)
|
Batting: RHB David Adams
|
0-0: Called Strike 0-1: Called Strike 0-2: Ball 1-2: Strikes out looking
|
Batting: RHB Bob Fitzgerald
|
0-0: Fielders Choice at 2nd, 6-4 (Groundball, 6)
|
Bottom of the 9th over - 0 runs, 1 hit, 0 errors, 1 left on base; Culver City 9 - Menlo 4 |
|